 Dungeon Crawl Stone Soup version bcrawl-1.38.2 (webtiles) character file.

Game seed: 6491688785684503638

7958153 MisterOstroum the Fetichist (level 24, -8/185 HPs)
             Began as a Fairy Gladiator on Apr 12, 2023.
             Was the Champion of Okawaru.
             Killed by the air
             ... invoked by a spriggan air mage
             ... led by the Enchantress
              (21 damage)
             ... on level 5 of the Depths on May 4, 2023.
             The game lasted 05:23:11 (62933 turns).

MisterOstroum the Fetichist (Fairy Gladiator)      Turns: 62933, Time: 05:23:12

Health: -8/185     AC: 20    Str:  8    XL:     24   Next: 90%
Magic:  38/41      EV: 57    Int: 17    God:    Okawaru [******]
Gold:   1828       SH: 33    Dex: 38    Spells: 17/47 levels left

rFire    + + +     GDR:     43% a - +8 arc blade {discharge, rElec}
rCold    + + +     SeeInvis .   p - +3 buckler {AC+3}
rNeg     + + +     Gourm    .   (armour unavailable)
rPois    +         Faith    .   h - +0 hat "Olehaank" {Dex+2}
rElec    +         Spirit   .   w - scarf "Utycw" {rC+ rF+, MR+ Regen+}
rCorr    .         Reflect  +   S - +2 pair of gloves of the Gusle {rN+ Str-4 Dex+3}
MR       +++..                  L - +2 pair of boots {run}
Stlth    +++++++...             i - amulet "Ytedgh" {Reflect rC+ Dex+2 Slay+3 SH+4 Stlth+}
HPRegen  0.80/turn              C - ring of Ocohusuc {rPois rF+ rN+ EV+6 Dex+3}
MPRegen  0.27/turn              f - ring "Nuoningo" {rF+ rC+ rN+ Int+2}

@: agile, heroism, infused, studying Spellcasting, deflect missiles, quick
A: small, magic attunement, unstealthy, unfitting armour, antennae 1, hooves 1,
robust 1, wild magic 1, able to fly, AC/SH +11
}: 3/15 runes: serpentine, slimy, gossamer
a: Fly, Heroism, Finesse, Renounce Religion


You were on level 5 of the Depths.
You worshipped Okawaru.
Okawaru was exalted by your worship.
You were not hungry.

You visited 11 branches of the dungeon, and saw 43 of its levels.
You also visited: Bailey.

You collected 6224 gold pieces.
You spent 4396 gold pieces at shops.

Inventory:

Hand Weapons
 a - the +8 arc blade (weapon) {discharge, rElec}
   (You acquired it on level 3 of the Elven Halls)

   It insulates you from electricity.
 b - a +5 hand crossbow of chaos
 c - a +6 rapier of piercing
Missiles
 B - 381 poisoned tomahawks (quivered)
 I - 7 throwing nets {=f!f}
 R - 8842 bolts
Armour
 h - the +0 hat "Olehaank" (worn) {Dex+2}
   (Okawaru gifted it to you on level 2 of the Pits of Slime)

   It affects your dexterity (+2).
 p - a +3 buckler of protection (worn)
 w - the scarf "Utycw" (worn) {rC+ rF+, MR+ Regen+}
   (You acquired it on level 1 of the Vaults)

   It affects your resistance to hostile enchantments.
   It increases your rate of regeneration.
 L - a +2 pair of boots of running (worn)
 S - the +2 pair of gloves of the Gusle (worn) {rN+ Str-4 Dex+3}
   (You bought it in a shop on level 1 of the Snake Pit)

   It affects your strength (-4).
   It affects your dexterity (+3).
   It protects you from negative energy.
Jewellery
 f - the ring "Nuoningo" (right hand) {rF+ rC+ rN+ Int+2}
   (You found it on level 5 of the Pits of Slime)

   [ring of protection from cold]

   It affects your intelligence (+2).
   It protects you from fire.
   It protects you from cold.
   It protects you from negative energy.
 g - the amulet of the Four Winds {rN+ MR+++ Clar}
   (You found it on level 5 of the Pits of Slime)

   [amulet of nothing]

   It protects you from negative energy.
   It affects your resistance to hostile enchantments.
   It protects you against confusion.
 i - the amulet "Ytedgh" (around neck) {Reflect rC+ Dex+2 Slay+3 SH+4 Stlth+}
   (You found it on level 4 of the Lair of Beasts)

   [amulet of reflection]

   It shields you and reflects attacks.
   It affects your dexterity (+2).
   It affects your accuracy and damage with ranged weapons and melee attacks
   (+3).
   It protects you from cold.
   It affects your SH (+4).
   It makes you more stealthy.
 r - an uncursed ring of see invisible
 s - an uncursed ring of resist corrosion
 C - the ring of Ocohusuc (left hand) {rPois rF+ rN+ EV+6 Dex+3}
   (You took it off a deep elf annihilator on level 3 of the Elven Halls)

   [ring of evasion]

   It affects your evasion (+6).
   It affects your dexterity (+3).
   It protects you from fire.
   It protects you from poison.
   It protects you from negative energy.
 V - an uncursed ring of insulation
Wands
 j - a wand of polymorph (24)
 l - a wand of disintegration (13)
 m - a wand of acid (9)
 y - a wand of paralysis (15)
 U - a wand of clouds (17)
 Y - a wand of iceblast (17)
 Z - a wand of charming (24)
Scrolls
 t - 11 scrolls of teleportation {@r3 !r}
 D - 7 scrolls of immolation
 E - 7 scrolls of fog {!r}
 H - 3 scrolls of blinking {@r4}
 K - 5 scrolls of magic mapping {@r5 !r}
 W - 3 scrolls of noise
Potions
 n - 7 potions of heal wounds {@q2 !q}
 q - 6 potions of mutation
 u - 4 potions of resistance
 x - 17 potions of curing {@q1 !q}
 z - 6 potions of invisibility
 A - 4 potions of brilliance
 F - 10 potions of might {@q3 !q}
 J - 4 potions of agility
 M - 8 potions of haste {@q4 !q}
 O - 3 potions of magic
 Q - a potion of cancellation
 T - 7 potions of ambrosia
Miscellaneous
 d - a fan of gales (2/2)
 k - a phantom mirror
 o - a phial of floods
 v - a lightning rod (4/4)
 N - a lamp of fire (inert)
 P - a phial of floods
 X - a box of beasts
Comestibles
 e - 37 rations {!d}


   Skills:
 + Level 15.0(20.0) Fighting
 * Level 17.0(22.0) Short Blades
   Level 0.6(9.9) Slings
 + Level 11.5(16.5) Crossbows
 - Level 8.7(13.7) Throwing
 + Level 17.6(22.6) Dodging
 - Level 6.0(11.0) Stealth
 + Level 13.9(18.9) Shields
 - Level 12.0 Spellcasting
 - Level 4.0 Conjurations
 - Level 8.0 Hexes
 * Level 12.2 Charms
 + Level 1.9 Air Magic
 + Level 12.5 Invocations
 + Level 18.7 Evocations


You had 17 spell levels left.
You knew the following spells:

 Your Spells              Type           Power        Failure   Level  Hunger
a - Infusion              Chrm           ######..     1%          1    None
b - Ozocubu's Armour      Chrm/Ice       #####...     4%          3    None
c - Slow                  Hex            #####...     1%          1    None
d - Summon Butterflies    Summ           ##......     16%         1    None
e - Passwall              Tmut/Erth      ##......     22%         2    None
f - Confuse               Hex            #####...     2%          3    None
g - Tukima's Dance        Hex            #####...     2%          3    None
h - Deflect Missiles      Chrm/Air       #####.....   73%         6    None
i - Sticks to Snakes      Tmut           ##......     22%         2    None
j - Cause Fear            Hex            #####.....   6%          4    None
k - Dazzling Orbs         Conj/Hex       #####..      4%          3    None
l - Apportation           Tloc           ##....       16%         1    None

Your spell library contained the following spells:

 Spells                   Type           Power        Failure   Level  Hunger
 Corona                   Hex            #####..      1%          1    None
 Throw Frost              Conj/Ice       ###...       4%          2    None
 Ensorcelled Hibernation  Hex/Ice        ####..       5%          2    None
 Sting                    Conj/Pois      ###.         8%          1    None
 Beastly Appendage        Tmut           ##....       16%         1    None
 Freeze                   Ice            ##....       16%         1    None
 Sandblast                Erth           ##....       16%         1    None
 Poisonous Vapours        Pois/Air       ###...       16%         2    None
 Conjure Flame            Conj/Fire      ###.....     21%         3    None
 Mephitic Cloud           Conj/Pois/Air  ###.....     21%         3    None
 Stone Arrow              Conj/Erth      ###...       21%         3    None
 Corpse Rot               Necr           N/A          22%         2    None
 Sublimation of Blood     Necr           ##........   22%         2    None
 Yara's Violent Unravell  Hex/Tmut       ####......   28%         4    None
 Steam Barrier            Chrm/Fire      #####.....   32%         5    None
 Ignite Poison            Fire/Tmut/Pois ##......     38%         3    None
 Recall                   Summ/Tloc      N/A          38%         3    None
 Spider Form              Tmut/Pois      ##.          38%         3    None
 Silence                  Hex/Air        #####.....   45%         5    None
 Throw Icicle             Conj/Ice       ###.....     50%         4    None
 Airstrike                Air            ###.......   52%         4    None
 Metabolic Englaciation   Hex/Ice        ####......   58%         5    None
 Summon Mana Viper        Hex/Summ       ####....     58%         5    None
 Agony                    Necr           ##......     78%         4    None
 Ice Form                 Ice/Tmut       ##......     78%         4    None
 Olgreb's Toxic Radiance  Pois           ##.......    78%         4    None
 Petrify                  Tmut/Erth      ##........   78%         4    None
 Summon Ice Beast         Ice/Summ       ##......     78%         4    None
 Summon Scorpions         Summ/Pois      ##......     78%         4    None
 Bolt of Draining         Conj/Necr      ###.......   83%         5    None
 Venom Bolt               Conj/Pois      ###.......   83%         5    None
 Death Channel            Chrm/Necr      #####.....   85%         6    None
 Freezing Cloud           Ice/Air        ###.....     93%         5    None
 Blade Hands              Tmut           ##........   98%         5    None
 Lee's Rapid Deconstruct  Erth           ##........   98%         5    None
 Summon Demon             Summ           ##........   98%         5    None
 Summon Forest            Summ/Tloc      ##........   98%         5    None
 Discord                  Hex            #####.....   98%         7    None
 Aura of Abjuration       Summ           ##........   100%        6    None
 Borgnjor's Vile Clutch   Necr/Erth      ##........   100%        6    None
 Infestation              Hex/Tmut/Pois  ####.....    100%        6    None
 Haunt                    Necr/Summ      ##........   100%        7    None
 Mana Rupture             Conj/Hex       #####.....   100%        7    None
 Shadow Creatures         Summ           N/A          100%        7    None
 Borgnjor's Revivificati  Necr           ##........   100%        8    None
 Necromutation            Tmut/Necr      ##......     100%        8    None
 Tornado                  Tloc/Air       ###.......   100%        8    None


Dungeon Overview and Level Annotations

Branches:
Dungeon (12/12)            Temple (1/1) D:5            Lair (6/6) D:7
  Snake (3/3) Lair:2       Spider (3/3) Lair:3        Slime (5/5) Lair:5
    Orc (1/1) D:8             Elf (3/3) Orc          Vaults (2/3) D:12
  Crypt (2/2) Vaults:1       Tomb (0/3) Crypt:2      Depths (5/5) D:12
    Zot: Depths:5

Altars:
Ashenzari
Cheibriados
Dithmenos
Fedhas
Gozag
Hepliaklqana
Kikubaaqudgha
Lugonu
Makhleb
Okawaru
Qazlal
Sif Muna
Trog
Vehumet
Wu Jian
Xom
Yredelemnul
Zin
The Shining One
Jiyva

Shops:
D:5 *   D:11 *   Orc *%}=**[(   Elf:3 ?   Snake:1 *!   Vaults:1 %   Vaults:2 !
Depths:4 !   Depths:5 ([*

Portals:
Hell: Depths:1 Depths:2 Depths:3 Depths:4 Depths:5
Abyss: Depths:2 Depths:3
Pandemonium: Depths:2 Depths:3
Ziggurat: Depths:1

Annotations:
D:9 exclusion: door
D:12 exclusion: orange crystal statue
Snake:1 2 transporters, Lazarus1551's ghost, adept OnEE
Slime:3 exclusion: acid blob, Dissolution
Depths:4 exclusion: door
Depths:5 the Enchantress


Innate Abilities, Weirdness & Mutations

Your spells do not cause hunger and MP costs are reduced by 1.
Your bright wings attract enemies. (Stealth-)
You cannot fit into any form of body armour.
Your shimmering scales are hard and can block incoming attacks. (AC +11, SH +11)
You are small and have problems with some larger weapons.
You can fly continuously.
You have a pair of small antennae on your head.
You have large cloven feet.
You are robust. (+10% HP)
Your spells are a little harder to cast, but a little more powerful.


Message History

* * * LOW HITPOINT WARNING * * *
The spriggan defender is engulfed in blazing flames.
The spriggan air mage waves its arms in wide circles.
The air twists around and strikes you!!
* * * LOW HITPOINT WARNING * * *
The jiangshi is engulfed in blazing flames.
The caustic shrike is engulfed in blazing flames. x2
You hit the caustic shrike.
The arc blade crackles.
The caustic shrike is struck by an arc of lightning!!
The caustic shrike is severely wounded.
You resist.
You are struck by an arc of lightning.
* * * LOW HITPOINT WARNING * * *
The caustic shrike is struck by an arc of lightning!
The caustic shrike is lightly wounded.
The caustic shrike is severely wounded.
The jiangshi is engulfed in blazing flames.
You destroy the jiangshi!
Okawaru accepts your kill.
The caustic shrike is engulfed in blazing flames. x2
You block the caustic shrike's attack.
The caustic shrike is engulfed in blazing flames. x2
The spriggan defender is engulfed in blazing flames.
The caustic shrike is engulfed in blazing flames.
Really quaff
n - 9 potions of heal wounds {@q2 !q}?
You feel much better.
The caustic shrike is engulfed in blazing flames.
You block the caustic shrike's attack.
The caustic shrike is engulfed in blazing flames. x3
The spriggan defender is engulfed in blazing flames.
The spriggan air mage waves its arms in wide circles.
The air twists around and strikes you!
* * * LOW HITPOINT WARNING * * *
The caustic shrike is engulfed in blazing flames.
The caustic shrike completely misses you.
The caustic shrike is engulfed in blazing flames. x2
The ice dragon is engulfed in blazing flames.
A spriggan comes into view. It is wielding a +0 rapier.
The caustic shrike is engulfed in blazing flames.
You feel agile all of a sudden.
The caustic shrike is engulfed in blazing flames.
The caustic shrike completely misses you.
The spriggan defender is engulfed in blazing flames.
The caustic shrike is engulfed in blazing flames. x3
The spriggan air mage waves its arms in wide circles.
The air twists around and strikes you!
* * * LOW HITPOINT WARNING * * *
The caustic shrike is engulfed in blazing flames.
You block the caustic shrike's attack.
You hear a grinding noise.
The spriggan defender is engulfed in blazing flames.
The caustic shrike is engulfed in blazing flames.
The ice dragon is engulfed in blazing flames.
The caustic shrike is engulfed in blazing flames.
All of the chunks of flesh in your inventory have rotted away.
Really quaff
n - 8 potions of heal wounds {@q2 !q}?
You feel much better.
The caustic shrike is engulfed in blazing flames.
You block the caustic shrike's attack. x2
The caustic shrike is engulfed in blazing flames.
The spriggan defender is engulfed in blazing flames.
The tengu warrior is engulfed in blazing flames.
The spriggan air mage waves its arms in wide circles.
The air twists around and strikes you!
* * * LOW HITPOINT WARNING * * *
The caustic shrike is engulfed in blazing flames.
You block the caustic shrike's attack.
The deep troll earth mage points next to the spriggan and mumbles some strange words.
Some rock shatters into small pieces.
You block the caustic shrike's attack.
The deep troll shaman calls upon its god to speed up the deep troll earth mage.
The deep troll earth mage seems to speed up.
The caustic shrike is engulfed in blazing flames.
The spriggan defender is engulfed in blazing flames.
The tengu warrior is engulfed in blazing flames.
The deep troll earth mage shouts!
You hear a shout!
You are too injured to fight recklessly!
You puncture the caustic shrike!!
The caustic shrike is moderately wounded.
The caustic shrike is engulfed in blazing flames.
You block the caustic shrike's attack.
The caustic shrike completely misses you.
The spriggan air mage waves its arms in wide circles.
The air twists around and strikes you!!
* * * LOW HITPOINT WARNING * * *
The caustic shrike is engulfed in blazing flames.
The deep troll earth mage points next to you and mumbles some strange words.
The wall shatters!
The blast of rock fragments hits you but does no damage.
The caustic shrike is engulfed in blazing flames.
The Enchantress zaps a wand.
Some rock shatters into small pieces.
The caustic shrike is engulfed in blazing flames.
The spriggan defender is engulfed in blazing flames.
The caustic shrike is engulfed in blazing flames. x2
The tengu warrior is engulfed in blazing flames.
The ice dragon is engulfed in blazing flames.
The caustic shrike completely misses you.
The spriggan defender is engulfed in blazing flames.
The caustic shrike completely misses you.
The spriggan air mage waves its arms in wide circles.
The air twists around and strikes you!!
You die... *,,,,,,,,,............... *,,*****,,,#............. *,** *,,**TTQ.......... *** **** Ti.........!.

## ViiC........<.
##. #bii.V.........
##..#b§#QiZ.........
#..#bbi§D§§§........
#@b######.........
#..## .##.......
#..## # ####.... #.#
####. ## ** * *


You could see 5 caustic shrikes, the Enchantress, an ice dragon, a stone giant,
2 spriggan defenders, 2 jiangshi, 2 tengu warriors, a spriggan air mage, a deep
troll earth mage, a deep troll shaman, a spectral glowing shapeshifter and 3
spriggans.

Vanquished Creatures
  the Royal Jelly (Slime:5)
  Sojobo (Crypt:2)
  Saint Roka (Elf:1)
  Vashnia (Snake:2)
  A curse toe (Crypt:2)
  A profane servitor (Crypt:2)
  A hellephant (Depths:2)
  A shard shrike zombie (Crypt:2)
  Frances (Spider:1)
  A tentacled monstrosity (Depths:2)
  Asterion (Elf:3)
  A shard shrike skeleton (Crypt:2)
  2 deep elf blademasters
  2 liches (Depths:3)
  16 acid blobs
  9 ancient champions
  2 sphinxes (Depths:3)
  10 ghouls
  2 shadow dragons
  Kirke (Spider:1)
  2 revenants (Crypt:2)
  5 nagarajas (Snake:3)
  2 fire giants
  A balrug (Depths:3)
  A frost giant (Depths:2)
  3 vault wardens
  2 tengu reavers (Crypt:1)
  10 azure jellies
  An iron dragon (Depths:3)
  4 ghost moths (Spider:3)
  A war gargoyle (Vaults:2)
  8 emperor scorpions
  4 deep elf sorcerers
  Aizul (Elf:3)
  2 deep elf elementalists (Elf:3)
  7 stone giants
  A curse skull (Crypt:2)
  6 spriggan defenders
  An orc warlord (Orc)
  A juggernaut zombie (Vaults:1)
  31 very ugly things
  A juggernaut skeleton (Crypt:1)
  7 jiangshi
  5 ironheart preservers
  3 vampire knights
  4 deep elf demonologists (Elf:3)
  3 entropy weavers
  The ghost of Renucv Itut the Cleaver, a journeyman DsAK of Lugonu (Lair:4)
  6 spark wasps
  22 dire elephants
  5 deep elf annihilators
  4 deep elf death magi
  An eidolon (Crypt:2)
  4 ettins
  2 mummy priests (Crypt:2)
  Azrael (Spider:1)
  2 fire dragons
  5 rakshasas
  A deep elf high priest (Elf:3)
  5 yaktaur captains
  5 hydras
  8 vault guards
  9 naga warriors (Snake:3)
  9 ice dragons
  7 spriggan air magi
  6 ogre magi
  8 anacondas
  12 great orbs of eyes
  5 death knights
  3 shadow wraiths (Crypt:2)
  10 death oozes
  29 dancing weapons
  5 deep troll shamans
  4 deep troll earth magi
  20 two-headed ogres
  3 ironheart beastmasters
  2 orc high priests (Orc)
  5 tengu warriors
  4 spriggan berserkers
  9 shock serpents
  3 spriggans (Depths:3)
  16 naga sharpshooters
  A soul eater (Depths:2)
  2 sun demons (Depths:3)
  12 skeletal warriors
  18 deep elf knights
  14 deep trolls
  11 hell knights (Depths:1)
  4 salamander mystics (Snake:3)
  A quicksilver dragon simulacrum (Crypt:2)
  An entropy weaver zombie (Vaults:2)
  7 centaur warriors
  A golden dragon zombie (Crypt:2)
  A sixfirhy (Depths:2)
  A shadow demon (Depths:2)
  3 wizards
  7 flayed ghosts
  A swamp dragon (Lair:6)
  An iron troll (Depths:3)
  A glowing orange brain (Slime:2)
  A torturous demonspawn (Depths:2)
  9 naga ritualists
  15 wolf spiders
  5 phantasmal warriors
  A mana viper (shapeshifter) (Depths:3)
  9 necromancers
  8 orb spiders
  9 deep elf archers
  3 cyclopes
  A golden dragon skeleton (Crypt:1)
  An iron dragon zombie (Crypt:2)
  4 shining eyes
  3 orc knights (Orc)
  2 ironheart convokers
  3 stone giant zombies
  A manticore (D:11)
  5 orc sorcerers
  60 deep elf magi
  2 fire giant zombies
  9 mana vipers
  6 oklob plants (Lair:5)
  An orb spider (shapeshifter) (Depths:3)
  A human zombie (Vaults:2)
  7 salamanders
  35 ugly things
  A shadow dragon skeleton (Crypt:2)
  A frost giant zombie (Depths:3)
  A moth of wrath (shapeshifter) (Depths:4)
  A moth of wrath (Lair:4)
  2 stone giant skeletons
  8 elephants
  39 black mambas
  A fire giant skeleton (Crypt:1)
  A black mamba (shapeshifter) (D:12)
  6 guardian serpents
  A titan simulacrum (Crypt:2)
  A water nymph (shapeshifter) (Depths:3)
  18 naga magi
  A cane toad (shapeshifter) (Depths:3)
  12 cane toads
  A storm dragon simulacrum (Crypt:2)
  2 torpor snails
  6 vault sentinels
  A death yak zombie (Crypt:1)
  A yaktaur zombie (Vaults:2)
  2 rime drakes (shapeshifter)
  4 rime drakes
  A green draconian zombie (Crypt:1)
  5 freezing wraiths
  9 demonic crawlers
  14 jumping spiders
  An eye of draining (shapeshifter) (Depths:2)
  32 yaktaurs
  A yaktaur (shapeshifter) (Depths:1)
  An eye of draining (D:12)
  13 komodo dragons
  9 guardian mummies (Crypt:2)
  A hellwing (Depths:2)
  3 tengu conjurers
  A white draconian skeleton (Crypt:1)
  6 trolls
  2 polar bears
  A blink frog (shapeshifter) (Depths:3)
  A queen bee (D:9)
  94 slime creatures
  19 hornets
  A bog body (Crypt:1)
  13 blink frogs
  A hydra skeleton (Crypt:2)
  Grinder (D:5)
  3 harpy skeletons
  11 hippogriffs
  2 meliai zombies
  2 ettin zombies
  2 fire giant simulacra (Crypt:2)
  An ettin skeleton (Crypt:2)
  7 shadows
  A satyr skeleton (Crypt:2)
  3 air elementals
  A black mamba zombie (Crypt:2)
  A vampire (D:11)
  2 water elementals
  14 tarantellas
  3 yaks (shapeshifter)
  2 hogs (Spider:1)
  6 wraiths
  A goliath frog skeleton (Crypt:2)
  8 wyverns
  2 ushabtiu (Crypt:2)
  4 fire elementals
  3 humans
  2 steam dragons
  8 golden eyes
  6 basilisks
  55 yaks
  2 hungry ghosts
  21 redbacks
  A vampire mosquito (D:12)
  A gelid demonspawn zombie (Crypt:2)
  5 acid dragons
  8 crocodiles
  A harpy simulacrum (Crypt:2)
  3 hell hounds (Spider:1)
  50 nagas
  5 wargs
  16 water moccasins
  7 porcupines
  3 soldier ants
  5 sky beasts
  An ice beast (D:7)
  22 orc warriors
  4 phantoms
  A manticore zombie (Crypt:1)
  28 wolves
  12 boggarts
  21 ogres
  4 necrophages
  2 human skeletons (Vaults:2)
  Blork the orc (Orc)
  16 bullfrogs
  2 kobold brigands
  An elf simulacrum (Vaults:1)
  A wyvern zombie (Crypt:2)
  2 earth elementals
  9 gnoll sergeants
  14 centaurs
  2 scorpions (Spider:1)
  18 killer bees
  A raiju zombie (Crypt:2)
  4 howler monkeys
  An electric eel (Spider:3)
  A wolf zombie (Crypt:1)
  19 orc priests
  5 bullfrog zombies
  8 crimson imps
  A quasit (D:12)
  A human simulacrum (Vaults:1)
  8 hounds
  6 gnoll shamans (Bailey)
  A jelly (D:7)
  25 orc wizards
  4 bullfrog skeletons
  Terence (D:3)
  5 iguanas
  21 worker ants
  An ogre skeleton (Crypt:2)
  2 hound zombies
  7 mummies (Crypt:2)
  A worker ant zombie (D:9)
  2 howler monkey zombies (D:6)
  25 gnolls
  A howler monkey skeleton (D:5)
  13 adders
  A shadow imp (D:8)
  2 oozes (D:3)
  3 adder skeletons
  2 adder zombies
  3 worms
  A dart slug (D:4)
  3 leopard geckos
  58 orcs
  10 bats
  5 goblins
  6 hobgoblins
  8 jackals
  4 quokkas
  2 ball pythons (D:1)
  A frilled lizard (D:2)
  A gnoll skeleton (Crypt:1)
  2 jackal skeletons (D:5)
  14 kobolds
  A quokka zombie (Crypt:2)
  5 rats
  A fungus (Lair:6)
  A plant (Lair:5)
1780 creatures vanquished.

Vanquished Creatures (collateral kills)
  A jiangshi (Vaults:1)
  An ironheart convoker (Vaults:1)
  An ugly thing (Vaults:1)
  A tarantella (shapeshifter) (Vaults:1)
4 creatures vanquished.

Vanquished Creatures (others)
  2 deep elf master archers (Elf:3)
  4 stone giants
  2 very ugly things (Vaults:1)
  2 yaktaur captains
  2 naga warriors (Snake:3)
  A naga sharpshooter (Snake:3)
  A flayed ghost (Vaults:2)
  2 deep elf magi
  2 salamanders (Snake:3)
  4 yaktaurs
  A guardian mummy (Crypt:2)
  A human (Spider:1)
  A naga (Snake:3)
  A swamp drake (Lair:6)
  A boggart (Depths:3)
  An orc priest (Orc)
  102 fungi
  86 plants
216 creatures vanquished.

Grand Total: 2000 creatures vanquished

Notes
Turn   | Place    | Note
-------+----------+-------------------------------------------
     0 | D:1      | MisterOstroum the Fairy Gladiator began the quest for the
                  | Orb.
     0 | D:1      | Reached XP level 1. HP: 15/15 MP: 3/3
    74 | D:1      | Reached XP level 2. HP: 18/20 MP: 4/4
   484 | D:1      | Reached XP level 3. HP: 16/25 MP: 5/5
  1054 | D:2      | Found a shattered altar of Ashenzari.
  1089 | D:2      | Reached skill level 5 in Dodging
  1089 | D:2      | Reached XP level 4. HP: 30/31 MP: 6/6
  1237 | D:2      | Found an ornate altar of the Wu Jian Council.
  1981 | D:3      | Reached XP level 5. HP: 12/36 MP: 7/7
  2046 | D:3      | Noticed Terence
  2565 | D:3      | Found a blossoming altar of Fedhas.
  2570 | D:3      | Found a stormy altar of Qazlal.
  2971 | D:4      | Reached XP level 6. HP: 43/43 MP: 8/8
  3050 | D:4      | Reached skill level 5 in Short Blades
  3050 | D:4      | Reached skill level 1 in Stealth
  3242 | D:4      | Noticed a sky beast
  3275 | D:3      | Killed a sky beast
  3276 | D:3      | Reached skill level 5 in Fighting
  3276 | D:3      | Reached XP level 7. HP: 27/50 MP: 9/9
  4084 | D:5      | Entered Level 5 of the Dungeon
  4089 | D:5      | Found Ocimez's General Store.
  4127 | D:5      | Found a radiant altar of Vehumet.
  4254 | D:5      | Reached XP level 8. HP: 51/55 MP: 10/10
  4323 | D:5      | Bought a scroll of blinking for 82 gold pieces
  4323 | D:5      | Bought a scroll of teleportation for 33 gold pieces
  4323 | D:5      | Bought a +0 short sword of venom for 61 gold pieces
  4531 | D:5      | Noticed a hippogriff
  4549 | D:5      | Found a bloodstained altar of Trog.
  4549 | D:5      | Found a snail-covered altar of Cheibriados.
  4550 | D:5      | Found a shimmering altar of Xom.
  4795 | D:5      | Killed a hippogriff
  4944 | D:5      | Noticed Grinder
  4968 | D:5      | Killed Grinder
  4969 | D:5      | Reached XP level 9. HP: 61/61 MP: 11/11
  4987 | D:5      | Found a staircase to the Ecumenical Temple.
  5008 | Temple   | Entered the Ecumenical Temple
  5024 | Temple   | Became a worshipper of Warmaster Okawaru
  5248 | D:3      | Killed Terence
  5667 | D:6      | Reached skill level 5 in Throwing
  5667 | D:6      | Reached skill level 1 in Shields
  6347 | D:7      | Reached * piety under Okawaru
  6348 | D:7      | Reached skill level 1 in Invocations
  6386 | D:7      | Learned a level 1 spell: Infusion
  6388 | D:7      | Learned a level 1 spell: Apportation
  6389 | D:7      | Noticed a cyan ugly thing
  6412 | D:7      | Found a staircase to the Lair.
  6426 | Lair:1   | Entered Level 1 of the Lair of Beasts
  6599 | D:7      | Reached skill level 1 in Spellcasting
  6654 | D:7      | Noticed a troll
  7184 | D:7      | Noticed a two-headed ogre
  7198 | D:7      | Killed a two-headed ogre
  7198 | D:7      | Reached ** piety under Okawaru
  7199 | D:7      | Reached XP level 10. HP: 68/68 MP: 12/15
  7395 | D:7      | Killed a cyan ugly thing
  7694 | D:7      | Found a shadowy altar of Dithmenos.
  7884 | D:8      | Found a staircase to the Orcish Mines.
  7899 | D:8      | Found a roughly hewn altar of Beogh.
  7924 | D:8      | Reached skill level 1 in Charms
  8430 | D:8      | Reached skill level 10 in Short Blades
  8640 | D:8      | Learned a level 1 spell: Slow
  8642 | D:8      | Learned a level 1 spell: Summon Butterflies
  8645 | D:8      | Learned a level 2 spell: Passwall
  8737 | D:8      | Reached *** piety under Okawaru
  9178 | D:8      | Reached skill level 5 in Invocations
  9229 | D:9      | Reached XP level 11. HP: 60/72 MP: 14/17
  9309 | D:9      | Found a basalt altar of Yredelemnul.
  9430 | D:9      | Received a gift from Okawaru
  9486 | D:9      | Noticed a green ugly thing
  9521 | D:9      | Killed a green ugly thing
  9521 | D:9      | Reached **** piety under Okawaru
  9725 | D:9      | Noticed a tengu warrior
  9978 | D:10     | Entered Level 10 of the Dungeon
 10284 | D:10     | Noticed a two-headed ogre
 10403 | D:10     | Found a radiant altar of Vehumet.
 10960 | D:10     | Noticed a centaur warrior
 11027 | D:10     | Reached ***** piety under Okawaru
 11099 | D:10     | Killed a two-headed ogre
 11119 | D:10     | Noticed a phantasmal warrior
 11310 | D:10     | Noticed a death knight
 11316 | D:10     | Noticed a skeletal warrior
 11349 | D:10     | Killed a death knight
 11559 | D:10     | Killed a phantasmal warrior
 11559 | D:10     | Received a gift from Okawaru
 12169 | Lair:1   | Received a gift from Okawaru
 12170 | Lair:1   | Got a crude medium shield {god gift}
 12176 | Lair:1   | Identified the -5 medium shield of the Eagle {rN+} (Okawaru
                  | gifted it to you on level 1 of the Lair of Beasts)
 12219 | Lair:1   | Reached skill level 5 in Spellcasting
 12224 | Lair:1   | Reached XP level 12. HP: 80/81 MP: 18/21
 12363 | Lair:1   | Reached skill level 5 in Charms
 13426 | Lair:2   | Noticed a six-headed hydra
 13469 | Lair:2   | Killed a six-headed hydra
 13588 | Lair:2   | Reached skill level 10 in Dodging
 13590 | Lair:2   | Found a staircase to the Snake Pit.
 15029 | Lair:3   | Received a gift from Okawaru
 15315 | Lair:3   | Got an ichor-stained spear
 15689 | Lair:4   | Reached XP level 13. HP: 89/89 MP: 24/24
 16171 | Lair:4   | Got a steaming war axe
 16750 | Lair:4   | Found a transporter.
 16753 | Lair:4   | Noticed Renucv Itut's ghost (journeyman DsAK)
 16860 | Lair:4   | Found a transporter.
 17181 | Lair:5   | Received a gift from Okawaru
 17209 | Lair:5   | Reached ****** piety under Okawaru
 17919 | Orc      | Entered the Orcish Mines
 18136 | Orc      | Found Faineolu's Assorted Antiques.
 18149 | Orc      | Found Mollummi's Food Shop.
 18347 | Orc      | Found Zykul's Gadget Emporium.
 18423 | Orc      | Noticed an orc warlord
 18448 | Orc      | Killed an orc warlord
 18448 | Orc      | Received a gift from Okawaru
 18452 | Orc      | Got a buzzing short sword {god gift}
 18458 | Orc      | Identified the +1 short sword "Joidole" {flame, rC+ MR++
                  | Dex-3} (Okawaru gifted it to you in the Orcish Mines)
 18535 | Orc      | Found Redacs's Assorted Antiques.
 18708 | Orc      | Found a roughly hewn altar of Beogh.
 18708 | Orc      | Noticed Blork the orc
 18757 | Orc      | Learned a level 3 spell: Confuse
 18761 | Orc      | Learned a level 3 spell: Tukima's Dance
 18766 | Orc      | Learned a level 4 spell: Petrify
 18866 | Orc      | Killed Blork the orc
 18929 | Orc      | Bought a scroll labeled IDYCOI CUCHO for 31 gold pieces
 19113 | Orc      | Reached skill level 10 in Fighting
 19128 | Orc      | Reached XP level 14. HP: 85/99 MP: 13/27
 19175 | Orc      | Found Sunokk's Antique Armour Shoppe.
 19269 | Orc      | Found Futhar's Jewellery Shoppe.
 19286 | Orc      | Found Fytacs's General Store.
 19310 | Orc      | Found a staircase to the Elven Halls.
 19382 | Orc      | Found Pocovyohyo's Antique Weapon Shoppe.
 19580 | D:5      | Bought a potion of heal wounds for 55 gold pieces
 19580 | D:5      | Bought a scroll of teleportation for 33 gold pieces
 19580 | D:5      | Bought a potion of haste for 110 gold pieces
 19625 | D:6      | Reached skill level 1 in Evocations
 19751 | Orc      | Bought a wand of paralysis (11) for 216 gold pieces
 19751 | Orc      | Bought a wand of paralysis (9) for 180 gold pieces
 19751 | Orc      | Bought a wand of iceblast (11) for 324 gold pieces
 19779 | Orc      | Bought a scroll of blinking for 112 gold pieces
 19826 | Orc      | Bought an uncursed ring of protection from cold for 450
                  | gold pieces
 20066 | D:9      | Reached skill level 2 in Evocations
 20335 | D:11     | Found Magh's General Store.
 20341 | D:11     | Bought a potion of curing for 37 gold pieces
 20409 | D:11     | Found a flagged portal.
 20448 | Bailey   | Entered a bailey
 20455 | Bailey   | Reached skill level 3 in Evocations
 21333 | D:11     | Received a gift from Okawaru
 21334 | D:11     | Reached skill level 4 in Evocations
 21717 | D:11     | Identified the cursed ring of Utiuror {Ice Int+3}
 21864 | D:12     | Entered Level 12 of the Dungeon
 22144 | D:12     | Reached skill level 5 in Evocations
 22488 | D:12     | Found a gate to the Vaults.
 22503 | D:12     | Reached skill level 6 in Evocations
 22755 | D:12     | Reached skill level 7 in Evocations
 23052 | D:12     | Reached skill level 1 in Hexes
 23322 | D:12     | Received a gift from Okawaru
 23513 | D:12     | Found a staircase to the Depths.
 23897 | D:12     | Received a gift from Okawaru
 23909 | D:12     | Identified a +1 pair of boots of running (Okawaru gifted it
                  | to you on level 12 of the Dungeon)
 24133 | Lair:6   | Entered Level 6 of the Lair of Beasts
 24300 | Lair:6   | Reached XP level 15. HP: 103/103 MP: 28/28
 24430 | Lair:6   | Learned a level 2 spell: Sticks to Snakes
 24435 | Lair:6   | Learned a level 4 spell: Cause Fear
 24439 | Lair:6   | Learned a level 3 spell: Dazzling Orbs
 26074 | Lair:5   | Found a viscous altar of Jiyva.
 26362 | Vaults:1 | Entered Level 1 of the Vaults
 26385 | Vaults:1 | Reached skill level 5 in Hexes
 26825 | Vaults:1 | Received a gift from Okawaru
 26949 | D:12     | Learned a level 3 spell: Ozocubu's Armour
 27123 | Elf:1    | Entered Level 1 of the Elven Halls
 27154 | Elf:1    | Reached skill level 1 in Crossbows
 27509 | Elf:1    | Found a frozen archway.
 27540 | Elf:1    | Received a gift from Okawaru
 27793 | Elf:1    | Reached skill level 5 in Crossbows
 27926 | Elf:1    | Reached XP level 16. HP: 99/110 MP: 23/30
 28292 | Elf:1    | Reached skill level 5 in Stealth
 28360 | Elf:1    | Noticed Saint Roka
 28862 | Elf:1    | Found a shimmering altar of Xom.
 29143 | Orc      | Upgraded the game from bcrawl-1.38.1 to bcrawl-1.38.2
 29963 | Elf:2    | Found the +5 scythe "Finisher" {speed, eviscerate}
 30064 | Elf:2    | Reached skill level 8 in Evocations
 30104 | Elf:2    | Found a runed gate.
 30109 | Elf:2    | Identified the +11 dagger "Juvapn" {drain, rN+} (You found
                  | it on level 2 of the Elven Halls)
 30115 | Elf:2    | Found a runed gate.
 30115 | Elf:2    | Found a runed gate.
 30126 | Elf:2    | Received a gift from Okawaru
 30553 | Elf:2    | Reached skill level 9 in Evocations
 31070 | Elf:2    | Reached skill level 10 in Evocations
 31343 | Elf:2    | Received a gift from Okawaru
 31373 | Elf:2    | HP: 2/112 [deep elf mage/stone arrow (34)]
 31519 | Elf:1    | HP: 5/112 [poisoned by a +0 halberd of venom]
 31525 | Elf:1    | HP: 4/112 [poisoned by a +0 halberd of venom]
 31530 | Elf:1    | HP: 4/112 [poisoned by a +0 halberd of venom]
 31536 | Elf:1    | HP: 5/112 [poisoned by a +0 halberd of venom]
 32730 | Vaults:1 | Found a staircase to the Crypt.
 32730 | Vaults:1 | Found a basalt altar of Yredelemnul.
 32731 | Vaults:1 | Found an ancient bone altar of Kikubaaqudgha.
 33124 | Vaults:1 | Reached XP level 17. HP: 99/117 MP: 26/31
 33789 | Vaults:1 | Identified a scroll of acquirement
 33790 | Vaults:1 | Identified the +10 short sword of Wu Jian's Pride {pierce,
                  | rF+} (You acquired it on level 1 of the Vaults)
 33790 | Vaults:1 | Identified the scarf "Utycw" {rC+ rF+, MR+ Regen+} (You
                  | acquired it on level 1 of the Vaults)
 33816 | Vaults:1 | Found Megaogy's Food Emporium.
 33834 | Vaults:1 | Got a transparent pewter ring
 33835 | Vaults:1 | Identified the ring of the Tarantula {*Tele rF++ SInv} (You
                  | found it on level 1 of the Vaults)
 34087 | Vaults:1 | Received a gift from Okawaru
 34470 | Vaults:1 | Received a gift from Okawaru
 35231 | Vaults:1 | Received a gift from Okawaru
 35232 | Vaults:1 | Reached skill level 10 in Crossbows
 35239 | Vaults:1 | Got a pair of buzzing gloves {god gift}
 35637 | Vaults:2 | Reached skill level 5 in Shields
 35932 | Vaults:2 | Identified the +2 pair of gloves of the Raven {*Slow rElec
                  | rC++ Regen+} (Okawaru gifted it to you on level 1 of the
                  | Vaults)
 36263 | Vaults:2 | Reached XP level 18. HP: 124/124 MP: 29/32
 36385 | Vaults:2 | Reached skill level 10 in Shields
 36662 | Vaults:2 | Received a gift from Okawaru
 36722 | Vaults:2 | Received a gift from Okawaru
 37286 | Vaults:2 | Received a gift from Okawaru
 37929 | Vaults:2 | Reached skill level 15 in Dodging
 38221 | Vaults:2 | Reached skill level 10 in Invocations
 38232 | Vaults:2 | Found Touremus's Distillery.
 38245 | Vaults:2 | Bought a potion of curing for 42 gold pieces
 38245 | Vaults:2 | Bought a potion of resistance for 170 gold pieces
 38245 | Vaults:2 | Bought a potion of haste for 170 gold pieces
 39235 | Crypt:1  | Entered Level 1 of the Crypt
 39655 | Elf:1    | Reached XP level 19. HP: 78/131 MP: 20/33
 39662 | Elf:1    | Killed Saint Roka
 39662 | Elf:1    | Received a gift from Okawaru
 40467 | Elf:3    | Entered Level 3 of the Elven Halls
 40467 | Elf:3    | Noticed Asterion
 40485 | Elf:3    | Gained mutation: You are clumsy. (Dex -2) [a cacodemon]
 40487 | Elf:3    | Killed Asterion
 40489 | Elf:3    | Lost mutation: You are clumsy. (Dex -2) [potion of
                  | mutation]
 40489 | Elf:3    | Gained mutation: You are frail. (-10% HP) [potion of
                  | mutation]
 40489 | Elf:3    | Gained mutation: Your magical capacity is low. (-10% MP)
                  | [potion of mutation]
 40489 | Elf:3    | Gained mutation: Scrolls take you a little longer to read.
                  | [potion of mutation]
 40489 | Elf:3    | Gained mutation: You possess an exceptional clarity of
                  | mind. [potion of mutation]
 40490 | Elf:3    | Lost mutation: Scrolls take you a little longer to read.
                  | [potion of mutation]
 40490 | Elf:3    | Lost mutation: Your magical capacity is low. (-10% MP)
                  | [potion of mutation]
 40490 | Elf:3    | Lost mutation: You possess an exceptional clarity of mind.
                  | [potion of mutation]
 40490 | Elf:3    | Lost mutation: You are frail. (-10% HP) [potion of
                  | mutation]
 40490 | Elf:3    | Gained mutation: You have large cloven feet. [potion of
                  | mutation]
 40490 | Elf:3    | Gained mutation: Your spells are a little harder to cast,
                  | but a little more powerful. [potion of mutation]
 40490 | Elf:3    | Gained mutation: You have a pair of small antennae on your
                  | head. [potion of mutation]
 40490 | Elf:3    | Gained mutation: You are robust. (+10% HP) [potion of
                  | mutation]
 41188 | Crypt:1  | Noticed Sojobo
 41372 | Crypt:1  | Reached skill level 15 in Short Blades
 42024 | Crypt:2  | Entered Level 2 of the Crypt
 42204 | Crypt:2  | Received a gift from Okawaru
 42205 | Crypt:2  | Reached skill level 1 in Conjurations
 42440 | Crypt:2  | Found a staircase to the Tomb.
 42934 | Crypt:2  | Reached skill level 11 in Evocations
 43255 | Crypt:2  | Reached XP level 20. HP: 135/154 MP: 29/34
 43814 | Depths:1 | Entered Level 1 of the Depths
 44092 | Depths:1 | Received a gift from Okawaru
 44317 | Depths:1 | Found an iron altar of Okawaru.
 44836 | Lair:4   | Killed Renucv Itut's ghost
 44854 | Lair:4   | Identified the amulet "Ytedgh" {Reflect rC+ Dex+2 Slay+3
                  | SH+4 Stlth+, pickup} (You found it on level 4 of the Lair
                  | of Beasts)
 44930 | Lair:5   | Found a staircase to the Slime Pits.
 44972 | Lair:5   | Reached skill level 10 in Charms
 45178 | Slime:1  | Entered Level 1 of the Pits of Slime
 45269 | Slime:1  | Received a gift from Okawaru
 45606 | Slime:1  | Received a gift from Okawaru
 46260 | Slime:2  | Reached skill level 12 in Evocations
 46360 | Slime:2  | Received a gift from Okawaru
 46361 | Slime:2  | Got a polished hat {god gift}
 46367 | Slime:2  | Identified the +0 hat "Olehaank" {Dex+2} (Okawaru gifted it
                  | to you on level 2 of the Pits of Slime)
 47222 | Slime:3  | Noticed Dissolution
 47273 | Slime:3  | Reached skill level 13 in Evocations
 47384 | Slime:5  | Entered Level 5 of the Pits of Slime
 47710 | Slime:5  | Reached skill level 14 in Evocations
 47879 | Slime:5  | Noticed the Royal Jelly
 47912 | Slime:5  | Reached XP level 21. HP: 90/159 MP: 10/35
 48241 | Slime:4  | Reached skill level 15 in Evocations
 48454 | Slime:5  | Found a viscous altar of Jiyva.
 48465 | Slime:5  | Received a gift from Okawaru
 48482 | Slime:5  | Killed the Royal Jelly
 48482 | Slime:5  | Received a gift from Okawaru
 48486 | Slime:5  | Found the amulet of the Four Winds {rN+ MR+++ Clar}
 48618 | Slime:5  | Got a transparent flail
 48705 | Slime:5  | Identified the cursed +0 flail "Onoraecw" {drain, *Drain
                  | rElec rPois} (You found it on level 5 of the Pits of Slime)
 48705 | Slime:5  | Got a slimy rune of Zot
 48706 | Slime:5  | Identified the cursed +0 scale mail "Kuzuruy" {Str+8}
 48740 | Slime:5  | Identified the ring "Nuoningo" {rF+ rC+ rN+ Int+2}
 48818 | Slime:5  | Identified the +10 hunting sling of the Pyrrhic Victory
                  | {flame, *Corrode rN+ Dex+5, pickup} (You found it on level
                  | 5 of the Pits of Slime)
 48838 | Slime:5  | Identified the amulet "Myaruo" {RegenMP +Blink rF+ rN++
                  | Stlth+, pickup} (You found it on level 5 of the Pits of
                  | Slime)
 49103 | Lair:6   | Reached skill level 16 in Evocations
 49582 | Elf:3    | Found Isuwocul's Magic Scroll Boutique.
 49590 | Elf:3    | Bought a scroll of teleportation for 51 gold pieces
 49590 | Elf:3    | Bought a scroll of teleportation for 51 gold pieces
 49665 | Elf:3    | Found a shimmering blue altar of Sif Muna.
 49793 | Elf:3    | Noticed Aizul
 49813 | Elf:3    | Killed Aizul
 49846 | Elf:3    | Found the +6 Hendrick's axe {distort, *noise, +Frenzy
                  | Dex+6}
 49847 | Elf:3    | Identified the cursed +1 flail of the Jolly Spirits {chaos,
                  | rElec rPois rC+}
 49847 | Elf:3    | Identified the ring of Ocohusuc {rPois rF+ rN+ EV+6 Dex+3}
 49855 | Elf:3    | Received a gift from Okawaru
 49962 | Elf:3    | Reached skill level 17 in Evocations
 49965 | Elf:3    | Identified the +5 plate armour of Mumblety Peg {rF- Str+3
                  | Int+3}
 49965 | Elf:3    | Identified the ring "Vuxkepp" {rElec MR- Dex+6 SInv}
 50133 | Elf:3    | Identified the +6 dire flail of a sewer {drain, rElec rPois
                  | MR- Dex+4}
 50143 | Elf:3    | Identified the +11 scythe of the Seven Spreadsheets {slice,
                  | rPois Str+8}
 50152 | Elf:3    | Identified the +9 scythe "Zousiur" {slice, rC+ Dex+2}
 50515 | Elf:3    | Identified the cursed +1 short sword "Jori" {protect, rF-
                  | rN+ Int+4 Dex+3}
 50526 | Elf:3    | Identified the +0 short sword of Impatience {pierce, Dex+9}
 51002 | Elf:3    | Identified the +1 pair of boots of Ofilux {rN+} (You
                  | acquired it on level 3 of the Elven Halls)
 51003 | Elf:3    | Found the +8 arc blade {discharge, rElec}
 51241 | Snake:1  | Entered Level 1 of the Snake Pit
 51423 | Snake:1  | Found a transporter.
 51430 | Snake:1  | Noticed Lazarus1551's ghost (adept OnEE)
 51639 | Snake:1  | Found a transporter.
 51650 | Snake:1  | Found Pofosmesm's Distillery.
 51663 | Snake:1  | Bought a potion of curing for 40 gold pieces
 51663 | Snake:1  | Bought a potion of agility for 64 gold pieces
 51663 | Snake:1  | Bought a potion of might for 64 gold pieces
 51663 | Snake:1  | Bought a potion of curing for 40 gold pieces
 51663 | Snake:1  | Bought a potion of curing for 40 gold pieces
 51663 | Snake:1  | Bought a potion of curing for 40 gold pieces
 51663 | Snake:1  | Bought a potion of curing for 40 gold pieces
 51663 | Snake:1  | Bought a potion of agility for 64 gold pieces
 51663 | Snake:1  | Bought a potion of agility for 64 gold pieces
 51703 | Snake:1  | Found Rerchiuse's General Store.
 51727 | Snake:1  | Bought a scroll of teleportation for 60 gold pieces
 51735 | Snake:1  | Bought the +2 pair of gloves of the Gusle {rN+ Str-4 Dex+3}
                  | for 472 gold pieces
 52607 | Snake:2  | Noticed Vashnia
 52750 | Snake:2  | Reached XP level 22. HP: 154/168 MP: 36/36
 52789 | Snake:2  | Killed Vashnia
 52836 | Snake:2  | Found a glowing silver altar of Zin.
 53150 | Snake:2  | Received a gift from Okawaru
 53445 | Snake:3  | Entered Level 3 of the Snake Pit
 53918 | Snake:3  | Received a gift from Okawaru
 54069 | Snake:3  | Received a gift from Okawaru
 54288 | Snake:3  | Received a gift from Okawaru
 54455 | Snake:3  | Got a serpentine rune of Zot
 55001 | Lair:3   | Found a hole to the Spider Nest.
 55017 | Spider:1 | Entered Level 1 of the Spider Nest
 55017 | Spider:1 | Noticed Kirke
 55017 | Spider:1 | Noticed Azrael
 55036 | Spider:1 | Killed Kirke
 55050 | Spider:1 | Killed Azrael
 55153 | Spider:1 | Identified the +1 ring mail "Eblaaddado" {Str+5}
 55327 | Spider:1 | Noticed Frances
 55343 | Spider:1 | Killed Frances
 55918 | Spider:2 | Identified the +8 arbalest of the Vulture {velocity, rF+}
                  | (Okawaru gifted it to you on level 2 of the Spider Nest)
 55918 | Spider:2 | Received a gift from Okawaru
 55949 | Spider:3 | Entered Level 3 of the Spider Nest
 56053 | Spider:3 | Reached XP level 23. HP: 176/176 MP: 30/37
 56182 | Spider:3 | Reached skill level 18 in Evocations
 56703 | Spider:3 | Got a gossamer rune of Zot
 57061 | Orc      | Bought a potion of mutation for 248 gold pieces
 57061 | Orc      | Bought a wand of charming (10) for 155 gold pieces
 57094 | Orc      | Bought a scroll of teleportation for 63 gold pieces
 57807 | Crypt:2  | Killed Sojobo
 57807 | Crypt:2  | Received a gift from Okawaru
 58125 | Crypt:2  | Identified the ring "Qusiantaorph" {Wiz rPois Dex+2 Stlth+}
 58131 | Crypt:2  | Noticed a curse toe
 58150 | Crypt:2  | Killed a curse toe
 58369 | Crypt:2  | Found an ancient bone altar of Kikubaaqudgha.
 58374 | Crypt:2  | Found a basalt altar of Yredelemnul.
 58447 | Crypt:2  | Identified the ring of Zibbab {rPois rN+ Str+8}
 58447 | Crypt:2  | Identified the ring of Ydwuxzog {+Blink rC- rN+ Dex+2 SInv}
 58447 | Crypt:2  | Identified the ring "Taluh" {rF+ rN+ Str+6 Int-3 Stlth+}
 58895 | Depths:1 | Found a gateway to Hell.
 59115 | Depths:1 | Found a gateway to a ziggurat.
 59399 | Depths:2 | Received a gift from Okawaru
 59606 | Depths:2 | Reached skill level 10 in Spellcasting
 59695 | Depths:2 | Received a gift from Okawaru
 59759 | Depths:2 | Found a one-way gate to the infinite horrors of the Abyss.
 59825 | Depths:2 | Found a one-way gate leading to the halls of Pandemonium.
 60010 | Depths:2 | Received a gift from Okawaru
 60151 | Depths:2 | Reached XP level 24. HP: 178/184 MP: 39/39
 60198 | Depths:2 | Received a gift from Okawaru
 60426 | Depths:2 | Received a gift from Okawaru
 60718 | Depths:2 | Identified the amulet "Leotau" {Reflect Slay+5 SH+3 Stlth+}
 61248 | Depths:3 | Identified the +5 great mace of Discomfort {protect, *Drain
                  | Int+7 SInv}
 61955 | Depths:3 | Learned a level 6 spell: Deflect Missiles
 62244 | Depths:3 | Identified the +1 dagger of the Little People {vamp, rC+
                  | MR- Stlth+} (Okawaru gifted it to you on level 3 of the
                  | Depths)
 62244 | Depths:3 | Received a gift from Okawaru
 62346 | Depths:3 | Reached skill level 1 in Air Magic
 62676 | Depths:4 | Found Riocvofoets's Distillery.
 62736 | Depths:4 | Bought a potion of invisibility for 120 gold pieces
 62736 | Depths:4 | Bought a potion of resistance for 150 gold pieces
 62736 | Depths:4 | Bought a potion of curing for 37 gold pieces
 62736 | Depths:4 | Bought a potion of might for 60 gold pieces
 62736 | Depths:4 | Bought a potion of brilliance for 60 gold pieces
 62736 | Depths:4 | Bought a potion of invisibility for 120 gold pieces
 62736 | Depths:4 | Bought a potion of curing for 37 gold pieces
 62736 | Depths:4 | Bought a potion of heal wounds for 75 gold pieces
 62736 | Depths:4 | Bought a potion of heal wounds for 75 gold pieces
 62778 | Depths:5 | Entered Level 5 of the Depths
 62848 | Depths:5 | Found Gomixag's Assorted Antiques.
 62858 | Depths:5 | Identified the +1 faerie dragon scales {rPois rF++ rCorr
                  | SInv Stlth-}
 62858 | Depths:5 | Noticed the Enchantress
 62870 | Depths:5 | Found Folles's Weapon Boutique.
 62875 | Depths:5 | Found Xaopniucw's Antique Armour Boutique.
 62897 | Depths:4 | Reached skill level 15 in Fighting
 62913 | Depths:5 | Noticed a caustic shrike
 62913 | Depths:5 | Noticed a caustic shrike
 62913 | Depths:5 | Noticed a caustic shrike
 62914 | Depths:5 | Noticed a caustic shrike
 62914 | Depths:5 | Noticed a caustic shrike
 62933 | Depths:5 | Killed from afar by a spriggan air mage

Skill      XL: |  1  2  3  4  5  6  7  8  9 10 11 12 13 14 15 16 17 18 19 20 21 22 23 24 |
---------------+-------------------------------------------------------------------------+-----
Short Blades   | 4 5 6 8 9 10 11 12 14 15 16 17 | 17.0
Throwing       | 2 3 4 5 6 7 8 |  8.7
Fighting       | 3 5 6 7 8 10 11 12 13 14 15 | 15.0
Dodging        | 5 6 8 9 10 11 12 14 15 16 17 | 17.6
Stealth        | 1 3 4 6 |  6.0
Shields        | 4 9 10 11 12 13 | 13.9
Invocations    | 4 5 7 8 10 11 12 | 12.5
Spellcasting   | 1 3 5 6 7 8 10 12 | 12.0
Charms         | 3 4 5 7 8 9 10 11 12 | 12.2
Evocations     | 7 10 11 14 17 18 | 18.7
Hexes          | 2 5 8 |  8.0
Crossbows      | 5 7 10 11 | 11.5
Conjurations   | 4 |  4.0
Air Magic      | 1 |  1.9
Slings         | |  0.6

Action                   |  1- 3 |  4- 6 |  7- 9 | 10-12 | 13-15 | 16-18 | 19-21 | 22-24 || total
-------------------------+-------+-------+-------+-------+-------+-------+-------+-------++-------
Melee: Rapier            |    94 |   192 |   294 |   425 |   541 |  1267 |  1555 |  1323 ||  5691
       Short sword       |       |       |   127 |   546 |  1195 |   154 |     1 |       ||  2023
       Punch             |       |       |       |     6 |    11 |       |       |       ||    17
       Dagger            |       |       |       |       |       |   186 |     6 |       ||   192
       Demon blade       |       |       |       |       |       |       |    12 |       ||    12
 Fire: Hunting sling     |       |       |     6 |    35 |       |       |       |       ||    41
       Fustibalus        |       |       |       |     6 |       |       |       |       ||     6
       Hand crossbow     |       |       |       |       |    20 |    78 |   421 |   256 ||   775
Throw: Stone             |       |    70 |   104 |   163 |    73 |     2 |       |       ||   412
       Throwing net      |       |     2 |     1 |       |       |       |       |       ||     3
       Tomahawk          |       |       |    15 |   138 |   179 |   201 |   282 |   282 ||  1097
 Cast: Infusion          |       |       |       |    19 |    90 |    91 |    88 |    41 ||   329
       Slow              |       |       |       |       |     2 |     2 |       |       ||     4
       Apportation       |       |       |       |       |     2 |     2 |       |       ||     4
       Confuse           |       |       |       |       |     1 |     1 |       |       ||     2
       Ozocubu's Armour  |       |       |       |       |     1 |    16 |       |       ||    17
       Summon Butterflie |       |       |       |       |     1 |    15 |     1 |       ||    17
       Passwall          |       |       |       |       |     1 |       |       |       ||     1
       Cause Fear        |       |       |       |       |       |     1 |     1 |       ||     2
       Tukima's Dance    |       |       |       |       |       |     1 |       |       ||     1
       Sticks to Snakes  |       |       |       |       |       |       |     5 |       ||     5
       Deflect Missiles  |       |       |       |       |       |       |       |     1 ||     1
Invok: Heroism           |       |       |     2 |    17 |    44 |    22 |    35 |    20 ||   140
       Finesse           |       |       |       |       |     2 |     1 |     1 |     1 ||     5
 Abil: Stop Flying       |       |       |       |       |       |     1 |     1 |     2 ||     4
       Fly               |       |       |       |       |       |     1 |     1 |     1 ||     3
Evoke: Wand              |       |       |       |     5 |     9 |    29 |    18 |     5 ||    66
       Box of beasts     |       |       |       |       |       |     2 |       |       ||     2
       Lightning rod     |       |       |       |       |       |    10 |    20 |       ||    30
       Lamp of fire      |       |       |       |       |       |       |       |     2 ||     2
  Use: Scroll            |       |     1 |     8 |    11 |    13 |    15 |    19 |    12 ||    79
       Potion            |       |       |     1 |     1 |     8 |     6 |     9 |     8 ||    33
 Stab: Sleeping          |       |     4 |    12 |     8 |     9 |     1 |     6 |     8 ||    48
       Held in net/web   |       |     1 |     1 |       |       |       |       |       ||     2
       Distracted        |       |       |     1 |     1 |       |       |     1 |     3 ||     6
       Paralysed         |       |       |       |       |     3 |     1 |     3 |       ||     7
       Confused          |       |       |       |       |     1 |       |       |       ||     1
       Invisible         |       |       |       |       |       |     2 |    10 |       ||    12
       Petrifying        |       |       |       |       |       |       |       |     3 ||     3
  Eat: Chunk             |     3 |    12 |    27 |    49 |    60 |    49 |    31 |    42 ||   273
       Ration            |       |       |       |       |     4 |     5 |    15 |     6 ||    30
Armor: Skin              |    16 |    19 |    51 |    91 |   124 |    59 |    71 |    53 ||   484
Dodge: Dodged            |    77 |   122 |   267 |   608 |  1152 |   738 |   674 |   714 ||  4352
       Deflected         |       |       |       |       |       |       |       |     2 ||     2
Block: Other             |    16 |    31 |    80 |   228 |   392 |   148 |    10 |       ||   905
       Buckler           |       |       |       |       |    89 |   510 |  1133 |  1453 ||  3185
       Reflection        |       |       |       |       |       |       |    21 |   128 ||   149
